 Dungeon Crawl Stone Soup version 0.24-a0-619-gb7544fd237 (webtiles) character file.

Game seed: 14401802648961350705, levelgen mode: deterministic

58 P0NYSLAYSTATION the Grave Robber (level 3, -1/27 HPs)
             Began as a Minotaur Necromancer on Sept 16, 2019.
             Slain by a worker ant (3 damage)
             ... on level 3 of the Dungeon on Sept 17, 2019.
             The game lasted 00:09:20 (1800 turns).

P0NYSLAYSTATION the Grave Robber (MiNe)             Turns: 1800, Time: 00:09:20

Health: -1/27      AC:  4    Str: 12 (13) XL:     3   Next: 75%
Magic:  4/4        EV: 12    Int: 11 (12) God:
Gold:   99         SH:  0    Dex:  7 (10) Spells: 3/5 levels left

rFire    + . .     SeeInvis .   f - +0 club
rCold    + . .     Gourm    .   (no shield)
rNeg     . . .     Faith    .   e - +0 leather armour
rPois    +         Spirit   .   (helmet restricted)
rElec    +         Reflect  .   (no cloak)
rCorr    +         Harm     .   l - +0 pair of gloves (curse)
MR       .....                  (no boots)
Stlth    +.........             (no amulet)
HPRegen  0.09/turn              (no ring)
MPRegen  0.09/turn              (no ring)

@: lethally poisoned (-1 -> -4), resistant, very slightly contaminated,
invisible
A: retaliatory headbutt, horns 2
a: no special abilities


You were on level 3 of the Dungeon.
You were not hungry.

You visited 1 branch of the dungeon, and saw 4 of its levels.

You collected 99 gold pieces.

Inventory:

Hand Weapons
 f - a +0 club (weapon)
Armour
 a - a +0 robe
 e - a +0 leather armour (worn)
 l - a cursed +0 pair of gloves (worn)
Jewellery
 n - a cursed -2 ring of dexterity {unknown}
Scrolls
 b - a scroll of fog {unknown}
 d - 2 scrolls of remove curse {unknown}
 h - a scroll of magic mapping {unknown}
 i - 4 scrolls of random uselessness {unknown}
 k - a scroll of identify {unknown}
 q - a scroll of enchant armour {unknown}
 t - a scroll of fear {unknown}
Potions
 g - a potion of resistance
 m - a potion of might {unknown}
 o - a potion of degeneration
 p - a potion of heal wounds {unknown}
 s - a potion of brilliance {unknown}
Comestibles
 c - 4 rations
 r - a chunk of flesh


   Skills:
 + Level 0.3 Fighting
 * Level 1.2 Maces & Flails
 * Level 1.8 Armour
 + Level 2.5 Dodging
 + Level 1.7 Stealth
 + Level 1.7 Spellcasting
 + Level 3.3 Necromancy


You had 3 spell levels left.
You knew the following spells:

 Your Spells              Type           Power        Failure   Level  Hunger
a - Pain                  Necr           #...         10%         1    ##.....
b - Animate Skeleton      Necr           N/A          10%         1    ##.....

Your spell library contained the following spells:

 Spells                   Type           Power        Failure   Level  Hunger
 Vampiric Draining        Necr           #.........   30%         3    ####...
 Regeneration             Chrm/Necr      #.........   50%         3    ####...
 Animate Dead             Necr           N/A          69%         4    #####..


Dungeon Overview and Level Annotations

Branches:
Dungeon (4/15)
 Temple: D:4-7

Altars:
Okawaru


Innate Abilities, Weirdness & Mutations

You reflexively headbutt those who attack you in melee.
You have a pair of horns on your head.


Message History

The worker ant closely misses you.
You are very lightly contaminated with residual magic.
You feel sick. The worker ant completely misses you.
You feel sick.
You feel sick. The worker ant misses you.
You feel sick.
There is a stone staircase leading up here.
The worker ant closely misses you.
You climb upwards.
There is a stone staircase leading down here.
It was a potion of resistance.
You feel protected.
You feel sick. The worker ant bites you.
* * * LOW HITPOINT WARNING * * *
It was a potion of degeneration.
There was something very wrong with that liquid.
You feel weakened.
You feel dopey.
You feel clumsy. The worker ant bites you.
You die...

###.#...... ....##.##.#
#.......### #..##..###.
#..#...#.## #..........
#..#...#...
##.##########..##.##.#.
#....a@.....'........##
#############.....##...
#.....##### #.....#
#.....# #######


You could see a worker ant.

Vanquished Creatures
  Jessica (D:3)
  An ooze (D:2)
  2 adder skeletons
  An orc (D:3)
  A ball python (D:3)
  7 bats
  A kobold (D:1)
  A quokka (D:3)
  A frilled lizard (D:2)
  5 goblins
  3 rats
24 creatures vanquished.

Notes
Turn   | Place    | Note
-------+----------+-------------------------------------------
     0 | D:1      | P0NYSLAYSTATION the Minotaur Necromancer began the quest
                  | for the Orb.
     0 | D:1      | Reached XP level 1. HP: 14/14 MP: 1/1
     2 | D:1      | Learned a level 1 spell: Animate Skeleton
   125 | D:1      | Reached skill level 3 in Necromancy
   713 | D:1      | Reached XP level 2. HP: 20/20 MP: 3/3
   899 | D:2      | Reached skill level 1 in Armour
   976 | D:2      | Found an iron altar of Okawaru.
  1374 | D:3      | Reached XP level 3. HP: 13/26 MP: 2/4
  1545 | D:3      | Noticed Jessica
  1553 | D:3      | Killed Jessica
  1553 | D:3      | Reached skill level 1 in Maces & Flails
  1799 | D:3      | HP: 1/27 [worker ant (5)]
  1800 | D:3      | Slain by a worker ant

Levels and vault maps discovered:
D:1:      ebering_trefoil_3fold, layout_rooms, minmay_misc_feat_five,
          chequers_big_river
D:2:      layout_rooms, kennysheep_okawaru_gauntlet
D:3:      minmay_wonky_spiral, layout_basic, first_ration,
          hangedman_decor_clover_reticule, uniq_natasha, uniq_jessica
D:4:      layout_cave_pools, serial_shops, nicolae_shop_overgrown_old_shop,
          wad_floor_pattern_untrapped, cheibrodos_ashenzari_chains

Skill      XL: |  1  2  3 |
---------------+----------+-----
Necromancy     | 3 |  3.3
Armour         | 1 |  1.8
Maces & Flails | 1 |  1.2
Fighting       | |  0.3
Dodging        | |  2.5
Stealth        | |  1.7
Spellcasting   | |  1.7

Action                   || total
-------------------------++-------
Melee: Club              ||    56
       Headbutt          ||     5
       Unarmed           ||     1
 Cast: Pain              ||    15
       Animate Skeleton  ||     8
  Use: Potion            ||     4
 Stab: Sleeping          ||     1
  Eat: Ration            ||     1
Armor: Leather armour    ||    23
Dodge: Dodged            ||    47

Table legend:
 A = Non-vault XP
 B = Vault XP
 C = Vault XP percentage of total XP
 D = Non-vault monster count
 E = Vault monster count
 F = Vault count percentage of total count
                 A         B        C        D         E       F
            +---------+---------+-------+---------+---------+-------
      Total |      47 |      36 |  43.4 |      21 |       3 |  12.5
            +---------+---------+-------+---------+---------+-------
        D:1 |      13 |       0 |   0.0 |       8 |       0 |   0.0
        D:2 |      17 |       4 |  19.0 |       6 |       2 |  25.0
        D:3 |      12 |      32 |  72.7 |       6 |       1 |  14.3
        D:4 |       5 |       0 |   0.0 |       1 |       0 |   0.0
            +---------+---------+-------+---------+---------+-------
